 Dungeon Crawl Stone Soup version 0.28.0-1-gb440e238dd (webtiles) character file.

Game seed: 12254127144000555788

65 buriedalive the Chiller (level 3, -2/19 HPs)
             Began as a Deep Elf Ice Elementalist on Feb 25, 2022.
             Slain by an iguana (8 damage)
             ... on level 3 of the Dungeon.
             The game lasted 00:03:33 (2863 turns).

buriedalive the Chiller (Deep Elf Ice Elementalist) Turns: 2863, Time: 00:03:34

Health: -2/19      AC:  2    Str: 11    XL:     3   Next: 92%
Magic:  7/9        EV: 17    Int: 21    God:
Gold:   85         SH:  0    Dex: 15    Spells: 1/8 levels left

rFire   . . .      SeeInvis .   l - +0 scimitar
rCold   . . .      Faith    .   (no shield)
rNeg    . . .      Spirit   .   a - +0 robe
rPois   .          Reflect  .   (no helmet)
rElec   .          Harm     .   (no cloak)
rCorr   .          Rampage  .   (no gloves)
Will    .....                   (no boots)
Stlth   ++........              (no amulet)
HPRegen 0.06/turn               f - +6 ring of strength
MPRegen 0.11/turn               h - +4 ring of evasion

@: no status effects
A: no striking features
a: no special abilities


You were on level 3 of the Dungeon.
You visited 1 branch of the dungeon, and saw 3 of its levels.

You collected 85 gold pieces.

Inventory:

Hand Weapons
 d - a +0 dagger
 l - a +0 scimitar (weapon)
Missiles
 g - 66 stones
 o - 3 poisoned darts
Armour
 a - a +0 robe (worn)
Jewellery
 f - a +6 ring of strength (left hand)
 h - a +4 ring of evasion (right hand)
 r - an amulet of guardian spirit
Scrolls
 b - a scroll of holy word {unknown}
 c - a scroll of magic mapping {unknown}
 j - a scroll of fog {unknown}
 n - a scroll of teleportation {unknown}
 q - 3 scrolls of identify {unknown}
Potions
 e - a potion of attraction {unknown}
 i - 2 potions of mutation {unknown}
 k - a potion of haste {unknown}
 m - a potion of might {unknown}
 p - 2 potions of curing {unknown}
 s - a potion of berserk rage {unknown}


   Skills:
 + Level 4.0 Dodging
 - Level 2.4 Stealth
 - Level 3.0 Spellcasting
 + Level 5.3 Ice Magic


You had one spell level left.
You knew the following spells:

 Your Spells              Type           Power      Damage    Failure   Level
a - Freeze                Ice            100%       1d11      1%          1
b - Ozocubu's Armour      Ice            25%        N/A       4%          3
c - Frozen Ramparts       Ice            50%        1d7       4%          3

Your spell library contained the following spells:

 Spells                   Type           Power      Damage    Failure   Level
 Hailstorm                Conj/Ice       14%        3d5       41%         4
 Metabolic Englaciation   Hex/Ice        7%         N/A       77%         5
 Simulacrum               Ice/Necr       7%         N/A       100%        6


Dungeon Overview and Level Annotations

Branches:
Dungeon (3/15)

Altars:


Message History

You see here a ball python corpse.
You now have 85 gold pieces (gained 14).
A kobold comes into view. It is wielding a +0 short sword.
The kobold shouts!
The kobold throws a stone.
The stone barely misses you.
You closely miss the kobold. The kobold closely misses you.
You closely miss the kobold.
An iguana comes into view.
The kobold hits you but does no damage.
You closely miss the kobold. The kobold hits you but does no damage.
The kobold hits you with a +0 short sword.
You completely miss the kobold.
The iguana hisses angrily.
The kobold hits you with a +0 short sword.
You closely miss the kobold. The kobold misses you.
The kobold completely misses you.
You slash the kobold!
You kill the kobold!
You closely miss the iguana. The iguana bites you.
You hit the iguana but do no damage. The iguana bites you!
The iguana closely misses you.
You are too injured to fight recklessly!
Casting: Freeze (safe; 1% risk of failure)
Confirm with . or Enter, or press ? or * to list all spells.
Aiming: Freeze (safe; 1% risk of failure)
Press: ? - help, Shift-Dir - straight line, f - iguana
Aim: an iguana You freeze the iguana!
The iguana is heavily wounded.
The iguana seems to slow down.
Unknown command.
Casting: Freeze (safe; 1% risk of failure)
Confirm with . or Enter, or press ? or * to list all spells.
Aiming: Freeze (safe; 1% risk of failure)
Press: ? - help, Shift-Dir - straight line, f/p - iguana
Aim: an iguana (heavily wounded, slow)
You freeze the iguana.
The iguana is severely wounded.
The iguana bites you!
You die...

##### ##...##
##.....##
#.......#### #####
#............
.....##...)........
.....##..@..#......#
.........l..#......#
..#.#.............#
#....>...<......
##.............
#.......##.##
##.....†...#
#......#.####
....###..#....##


You could see an iguana (slow).

Vanquished Creatures
  An adder (D:2)
  2 dart slugs
  2 orcs
  5 endoplasms
  3 giant cockroaches
  2 goblins
  2 hobgoblins
  4 kobolds
  4 quokkas (D:1)
  5 ball pythons
  6 bats
  6 frilled lizards
  8 rats
50 creatures vanquished.

Notes
Turn   | Place    | Note
-------+----------+-------------------------------------------
     0 | D:1      | buriedalive the Deep Elf Ice Elementalist began the quest
                  | for the Orb.
     0 | D:1      | Reached XP level 1. HP: 10/10 MP: 6/6
   258 | D:1      | Reached XP level 2. HP: 13/15 MP: 6/8
  1403 | D:1      | Reached skill level 5 in Ice Magic
  1403 | D:1      | Reached XP level 3. HP: 19/19 MP: 9/9
  1992 | D:2      | Found a faded altar of an unknown god.
  2216 | D:2      | Learned a level 3 spell: Ozocubu's Armour
  2220 | D:2      | Learned a level 3 spell: Frozen Ramparts
  2863 | D:3      | Slain by an iguana

Illustrated notes

Levels and vault maps discovered:
D:1:      onia_arrival_mini_spirals, layout_loops_ring, minmay_cut_off
D:2:      minmay_razor_zed, layout_basic, hellmonk_ecumenical_altar_run_dry
D:3:      layout_rooms, uniq_jessica, uniq_robin

Skill      XL: |  1  2  3 |
---------------+----------+-----
Dodging        | 3 4 |  4.0
Ice Magic      | 5 |  5.3
Stealth        | |  2.4
Spellcasting   | |  3.0

Action                   || total
-------------------------++-------
Melee: Unarmed           ||     4
       Dagger            ||    54
       Scimitar          ||    59
       Punch             ||     1
 Cast: Freeze            ||    27
 Stab: Sleeping          ||    12
Armor: Robe              ||    26
Dodge: Dodged            ||   107
